[Event "Titled Tuesday Blitz December 27 Early 2022"]
[White "Delorme, Alban"]
[Black "Melikhov, Evgeny V."]
[WhiteFideId "623636"]
[BlackFideId "4122046"]
[WhiteElo "2298"]
[BlackElo "2269"]
[Result "1/2-1/2"]
[Round "09"]
[TimeControl "180+2"]
[Date "2022.12.27"]
[WhiteClock "0:00:11"]
[BlackClock "0:00:42"]

1. e4 c5 2. Nf3 d6 3. d4 cxd4 4. Nxd4 Nf6 5. Nc3 a6 6. Bg5 e6 7. f4 Nbd7 8. Qf3 Qc7 9. O-O-O b5 10. a3 Bb7 11. Bd3 O-O-O 12. Rhe1 Kb8 13. Qg3 Rc8 14. e5 dxe5 15. fxe5 Nd5 16. Nxd5 Bxd5 17. a4 Nc5 18. axb5 Nxd3+ 19. Qxd3 Bc4 20. Nc6+ Qxc6 21. bxc6 Bxd3 22. Rxd3 Rxc6 23. Rd7 Bb4 24. c3 Rf8 25. Rf1 h6 26. Be3 Bc5 27. Bxc5 Rxc5 28. Rfxf7 Rxf7 29. Rxf7 Rxe5 30. Rxg7 Re2 31. Kb1 h5 32. Ka2 h4 33. Ka3 h3 34. gxh3 Rxh2 35. Rh7 e5 36. b4 e4 37. Re7 Rxh3 38. Rxe4 Rxc3+ 39. Ka4 Rc6 40. Ka5 Rh6 41. Re7 Rg6 42. Rf7 Rh6 43. Rf2 Kb7 44. Rf7+ Kb8 45. Rd7 Rg6 46. Rd5 Kb7 47. Rf5 Rh6 48. Rg5 Rf6 49. Rh5 Rg6 50. Rf5 Rh6 51. Rf7+ Kb8 1/2-1/2


[Site "https://www.chess.com"]

[Event "Titled Tuesday Blitz December 27 Early 2022"]
[White "Demin, Vladimir"]
[Black "Bachmann, Axel"]
[WhiteFideId "4167457"]
[BlackFideId "3700488"]
[WhiteElo "2430"]
[BlackElo "2604"]
[Result "0-1"]
[Round "09"]
[TimeControl "180+2"]
[Date "2022.12.27"]
[WhiteClock "0:00:35"]
[BlackClock "0:00:05"]

1. d4 Nf6 2. Nc3 d5 3. Bf4 a6 4. e3 b5 5. Nf3 e6 6. Ne5 Bb7 7. g4 c5 8. g5 Nfd7 9. Bg2 Nxe5 10. dxe5 Nd7 11. h4 Be7 12. Bg3 h6 13. f4 hxg5 14. hxg5 Rxh1+ 15. Bxh1 g6 16. Qd2 Qa5 17. Ne2 b4 18. Bf3 O-O-O 19. a3 Rh8 20. Kf2 Qb6 21. axb4 cxb4 22. Kg2 Nc5 23. Nd4 a5 24. c3 b3 25. Bf2 a4 26. Ne2 Bc6 27. Ng3 Kb8 28. e4 dxe4 29. Nxe4 Bxe4 30. Qe2 Qb7 31. Bxc5 Bxf3+ 32. Qxf3 Rh2+ 0-1


[Site "https://www.chess.com"]

[Event "Titled Tuesday Blitz December 27 Early 2022"]
[White "Derjabin, Ilja"]
[Black "Lorenzo De La Riva, Lazaro"]
[WhiteFideId "14104768"]
[BlackFideId "2268809"]
[WhiteElo "2333"]
[BlackElo "2404"]
[Result "1-0"]
[Round "09"]
[TimeControl "180+2"]
[Date "2022.12.27"]
[WhiteClock "0:00:11"]
[BlackClock "0:00:25"]

1. d4 Nf6 2. c4 e6 3. Nc3 d5 4. cxd5 exd5 5. Bg5 c6 6. e3 h6 7. Bh4 Be7 8. Bd3 O-O 9. Nge2 Re8 10. Qc2 Nbd7 11. O-O Nf8 12. f3 b5 13. e4 dxe4 14. fxe4 Ng4 15. Bxe7 Qxe7 16. Rf3 Qg5 17. Nd1 Bd7 18. h3 Nf6 19. Nf2 Nh5 20. e5 g6 21. Ne4 Qe7 22. Raf1 Be6 23. Nd6 Rac8 24. Nxf7 Bxf7 25. Rxf7 Qxf7 26. Rxf7 Kxf7 27. g4 Ng7 28. Nf4 g5 29. Bg6+ Nxg6 30. Qxg6+ Kf8 31. Qf6+ Kg8 32. Ng6 Rc7 33. Qd6 Rf7 34. h4 gxh4 35. Nxh4 Re6 36. Qd8+ Kh7 37. Kg2 Ree7 38. Qc8 Rd7 39. Nf5 Rxd4 40. Nxd4 Rf4 41. Nxc6 Rc4 42. e6 Rxg4+ 43. Kf3 Rg6 44. e7 Re6 45. Qxe6 Nxe6 46. e8=Q 1-0


[Site "https://www.chess.com"]

[Event "Titled Tuesday Blitz December 27 Early 2022"]
[White "Dilmukhametov, Artur"]
[Black "Adel, Sara"]
[WhiteFideId "24179922"]
[BlackFideId "10616764"]
[WhiteElo "2276"]
[BlackElo "1739"]
[Result "0-1"]
[Round "09"]
[TimeControl "180+2"]
[Date "2022.12.27"]
[WhiteClock "0:01:21"]
[BlackClock "0:01:52"]

1. d4 Nf6 2. Nc3 g6 3. Bf4 Bg7 4. e4 d6 5. Nf3 Nbd7 6. e5 Nh5 7. Qd2 Nxf4 8. Qxf4 dxe5 9. dxe5 O-O 10. O-O-O c6 11. Bd3 Qa5 12. Rde1 Nc5 13. Bc4 b5 14. Qd4 bxc4 15. h4 Bh6+ 16. Kb1 Rd8 17. Qg4 Bxg4 0-1


[Site "https://www.chess.com"]

[Event "Titled Tuesday Blitz December 27 Early 2022"]
[White "Erzhanov, Arman"]
[Black "Ljukin, Sergei"]
[WhiteFideId "4138821"]
[BlackFideId "14102200"]
[WhiteElo "2228"]
[BlackElo "2362"]
[Result "1/2-1/2"]
[Round "09"]
[TimeControl "180+2"]
[Date "2022.12.27"]
[WhiteClock "0:00:16"]
[BlackClock "0:00:14"]

1. e4 e6 2. b3 d5 3. Bb2 Nf6 4. e5 Nfd7 5. f4 c5 6. Nf3 Nc6 7. c4 d4 8. Bd3 f6 9. Nh4 g6 10. O-O Bg7 11. exf6 Nxf6 12. Nf3 O-O 13. g3 Qc7 14. Re1 Bd7 15. Bf1 Rae8 16. d3 e5 17. fxe5 Nxe5 18. Nxe5 Rxe5 19. Rxe5 Qxe5 20. Nd2 Ng4 21. Qe2 Ne3 22. Bg2 Bg4 23. Bf3 Rxf3 24. Nxf3 Qh5 25. Rf1 Nxf1 26. Kxf1 Bxf3 27. Qe6+ Kf8 28. Qc8+ Kf7 29. Qd7+ Kf6 30. Qd6+ Kf5 31. Qd7+ Kf6 32. Qd6+ Kf7 33. Qd7+ Kg8 34. Qe6+ Kf8 35. Qd6+ Ke8 36. Qe6+ Kd8 37. Qg8+ Kc7 38. Qxg7+ Kb6 39. Qf6+ Bc6 40. Qf2 Qd1+ 41. Qe1 Qxd3+ 42. Qe2 Qf5+ 43. Ke1 Bf3 44. Qd2 Qe4+ 45. Kf2 Bh1 46. b4 Qg2+ 47. Ke1 Qg1+ 48. Ke2 Qxh2+ 49. Kd1 Qxd2+ 50. Kxd2 Kc6 51. bxc5 Kxc5 52. Kd3 Kc6 53. Bxd4 b6 54. g4 g5 55. Bf6 Bf3 56. Bxg5 Bxg4 57. Bh6 Be6 58. Kd4 Bf7 59. a3 a6 60. Kc3 Kd6 61. Kd4 Kc6 62. Kc3 Kc5 63. Be3+ Kc6 64. Bh6 1/2-1/2


[Site "https://www.chess.com"]

[Event "Titled Tuesday Blitz December 27 Early 2022"]
[White "Ezat, Mohamed"]
[Black "McBryde, Lamel"]
[WhiteFideId "10600906"]
[BlackFideId "2058596"]
[WhiteElo "2402"]
[BlackElo "1861"]
[Result "1-0"]
[Round "09"]
[TimeControl "180+2"]
[Date "2022.12.27"]
[WhiteClock "0:01:13"]
[BlackClock "0:00:08"]

1. e4 Nf6 2. e5 Nd5 3. Qf3 Nb6 4. Qg3 d5 5. Nf3 Bf5 6. Nd4 Qd7 7. Nc3 a6 8. Bd3 Bxd3 9. e6 fxe6 10. cxd3 c5 11. Nf3 Nc6 12. O-O Qd6 13. Qg4 e5 14. Re1 g6 15. b3 Bg7 16. Bb2 O-O 17. Ng5 Rf5 18. Nd1 Raf8 19. Ne3 Rxf2 20. Qe6+ Kh8 21. Qh3 h6 22. Ng4 R2f5 23. Nxh6 Rxg5 24. Nf7+ Kg8 25. Nxd6 exd6 26. Qe6+ Kh7 27. Rf1 Rff5 28. Rxf5 gxf5 29. Rf1 f4 30. Rf3 Rg6 31. Rh3+ Bh6 32. Qf7+ Rg7 33. Qf5+ Rg6 34. g4 Ne7 35. Qf7+ Rg7 36. Rxh6+ Kxh6 37. Qh5# 1-0


[Site "https://www.chess.com"]

[Event "Titled Tuesday Blitz December 27 Early 2022"]
[White "Fabris, Alberto"]
[Black "Garcia Almaguer, Juan Manuel"]
[WhiteFideId "801348"]
[BlackFideId "5110491"]
[WhiteElo "2230"]
[BlackElo "2090"]
[Result "0-1"]
[Round "09"]
[TimeControl "180+2"]
[Date "2022.12.27"]
[WhiteClock "0:00:01"]
[BlackClock "0:00:09"]

1. d4 Nf6 2. Nf3 e6 3. Bf4 Nd5 4. Bd2 c5 5. e4 Nf6 6. Bd3 cxd4 7. Nxd4 d6 8. O-O Nc6 9. Be3 Be7 10. c4 e5 11. Nf5 Bxf5 12. exf5 Rc8 13. Nc3 g6 14. b3 Qd7 15. fxg6 hxg6 16. Nd5 Ng4 17. h3 Nxe3 18. fxe3 f5 19. Qe1 Kf7 20. Qf2 Rh5 21. Rad1 Rch8 22. Be2 Bh4 23. g3 Rg5 24. Bg4 Bxg3 25. Qxg3 Kg7 26. Rf2 fxg4 27. h4 Rf5 28. Rdf1 Kh7 29. Rxf5 gxf5 30. h5 Rf8 31. Qh4 Qg7 32. Kh1 Nd8 33. Rg1 Ne6 34. Ne7 Qg5 35. Qxg5 Nxg5 36. Rd1 Rf6 37. Nc8 Rh6 38. Nxd6 Rxh5+ 39. Kg2 Nf3 40. Nxf5 Rxf5 41. Kg3 Kg6 42. Kxg4 Ng5 43. Rd6+ Rf6 44. Rxf6+ Kxf6 45. b4 Ne4 46. c5 Nd2 47. Kg3 Kf5 0-1


[Site "https://www.chess.com"]

[Event "Titled Tuesday Blitz December 27 Early 2022"]
[White "Fernandez Garcia, Gumersindo"]
[Black "Sovetov, Oleksandr"]
[WhiteFideId "24516740"]
[BlackFideId "34105786"]
[WhiteElo "2160"]
[BlackElo "1976"]
[Result "0-1"]
[Round "09"]
[TimeControl "180+2"]
[Date "2022.12.27"]
[WhiteClock "0:00:20"]
[BlackClock "0:01:03"]

1. e4 c5 2. Nf3 Nc6 3. c3 d5 4. exd5 Qxd5 5. d4 Nf6 6. Be2 e6 7. O-O Be7 8. Be3 Ng4 9. Bf4 O-O 10. h3 Nf6 11. c4 Qf5 12. Be3 cxd4 13. Nxd4 Nxd4 14. Qxd4 Rd8 15. Qc3 Ne4 16. Qc2 Ng3 17. Bd1 Nxf1 18. Kxf1 b6 19. Nc3 Qxc2 20. Bxc2 Ba6 21. b3 Bf6 22. Be4 Bxc3 23. Rc1 Bb2 24. Rc2 Bf6 25. Bxa8 Rxa8 26. g4 Rd8 27. Ke2 Be7 28. f4 Kf8 29. a4 Bb4 30. Kf3 Bb7+ 31. Kf2 Be4 32. Re2 Bd3 33. Rb2 Bc3 34. Ra2 Bb1 35. Re2 Rd1 36. Kg3 Bd3 37. Ra2 Bb4 38. Kf2 Rb1 39. a5 Bxa5 40. c5 Rxb3 41. cxb6 axb6 42. Bxb6 Bxb6+ 0-1


[Site "https://www.chess.com"]

[Event "Titled Tuesday Blitz December 27 Early 2022"]
[White "Firouzja, Alireza"]
[Black "Bluebaum, Matthias"]
[WhiteFideId "12573981"]
[BlackFideId "24651516"]
[WhiteElo "2785"]
[BlackElo "2669"]
[Result "1/2-1/2"]
[Round "09"]
[TimeControl "180+2"]
[Date "2022.12.27"]
[WhiteClock "0:00:02"]
[BlackClock "0:00:07"]

1. e4 e6 2. d4 d5 3. e5 c5 4. c3 Nc6 5. Nf3 Nge7 6. Na3 Bd7 7. Nc2 Qa5 8. a3 Nxd4 9. Ncxd4 cxd4 10. b4 Qb6 11. cxd4 Bb5 12. Bd3 Qa6 13. Bc2 Rc8 14. a4 Nf5 15. Bd2 Be2 16. Qxe2 Qxe2+ 17. Kxe2 Rxc2 18. Kd3 Rc8 19. Rhc1 Rxc1 20. Rxc1 Kd7 21. g4 Nh6 22. h3 Be7 23. b5 Rf8 24. Ne1 Ng8 25. f4 h5 26. Ng2 f6 27. Ke2 hxg4 28. hxg4 fxe5 29. fxe5 Nh6 30. Bxh6 gxh6 31. Rh1 Bg5 32. Rf1 Rxf1 33. Kxf1 Kc7 34. Ke2 Kb6 35. Kf3 Ka5 36. Nf4 Bxf4 37. Kxf4 Kxa4 38. g5 hxg5+ 39. Kxg5 Kxb5 40. Kf6 a5 41. Kxe6 Kc4 42. Kd6 a4 43. e6 a3 44. e7 a2 45. e8=Q a1=Q 46. Qc8+ Kd3 47. Qf5+ Kc3 48. Qxd5 Qa6+ 49. Ke5 b5 50. Qc5+ Kd3 51. d5 Qa1+ 52. Ke6 Qe1+ 53. Kd7 b4 54. d6 b3 55. Qf5+ Kc4 56. Qf7+ Kc3 57. Qf6+ Kc4 58. Qf7+ Kc3 59. Qf6+ Kc4 60. Qf7+ 1/2-1/2


[Site "https://www.chess.com"]

[Event "Titled Tuesday Blitz December 27 Early 2022"]
[White "Flis, Pawel"]
[Black "Jenkins, Drake"]
[WhiteFideId "1112864"]
[BlackFideId "2022397"]
[WhiteElo "1879"]
[BlackElo "2130"]
[Result "0-1"]
[Round "09"]
[TimeControl "180+2"]
[Date "2022.12.27"]
[WhiteClock "0:00:01"]
[BlackClock "0:00:10"]

1. e4 c5 2. Nf3 g6 3. d4 cxd4 4. Nxd4 Nf6 5. Nc3 Nc6 6. Be3 Bg7 7. Nxc6 bxc6 8. e5 Ng8 9. Bf4 h5 10. Qd2 Nh6 11. O-O-O Ng4 12. Re1 Qa5 13. Qe2 Qb4 14. g3 Rb8 15. Nd1 Ba6 16. Qd2 Bxf1 17. Qxb4 Rxb4 18. Rexf1 Bxe5 19. Bxe5 Nxe5 20. f4 Ng4 21. h3 Nf6 22. Re1 e6 23. a3 Rb6 24. Nc3 d5 25. Na4 Rb5 26. Nc3 Rb7 27. Na4 Ne4 28. g4 Ke7 29. f5 hxg4 30. hxg4 Rxh1 31. Rxh1 exf5 32. gxf5 gxf5 33. Re1 Kf6 34. Rf1 Rb8 35. b4 Ke5 36. Kb2 a5 37. c3 axb4 38. axb4 Rg8 39. Rh1 f4 40. Rh7 f6 41. Kb3 f3 42. Nb2 f2 43. Nd3+ Kd6 44. Nxf2 Nxf2 45. Rf7 Ne4 46. Rb7 Rf8 47. Rh7 f5 48. Rh3 f4 49. Kc2 f3 50. Rh1 f2 51. Rf1 Ng3 0-1


[Site "https://www.chess.com"]

[Event "Titled Tuesday Blitz December 27 Early 2022"]
[White "Forgacs, Attila Jr."]
[Black "Moral Garcia, Serafin"]
[WhiteFideId "773654"]
[BlackFideId "2201925"]
[WhiteElo "2264"]
[BlackElo "2238"]
[Result "1/2-1/2"]
[Round "09"]
[TimeControl "180+2"]
[Date "2022.12.27"]
[WhiteClock "0:00:06"]
[BlackClock "0:00:15"]

1. e4 e5 2. Nf3 Nc6 3. Bb5 a6 4. Ba4 Nf6 5. O-O Be7 6. Re1 b5 7. Bb3 d6 8. c3 O-O 9. h3 Na5 10. Bc2 c5 11. d4 Nd7 12. Nbd2 exd4 13. cxd4 Nc6 14. d5 Nce5 15. Nh2 Ng6 16. Ndf1 Bg5 17. Ng3 Re8 18. Rf1 Bf4 19. Bxf4 Nxf4 20. Ne2 Qg5 21. Nxf4 Qxf4 22. Qg4 Qxg4 23. Nxg4 c4 24. f4 Nc5 25. Rae1 Bxg4 26. hxg4 f6 27. Kf2 Kf7 28. Ke3 Ra7 29. Kd4 Rae7 30. Re2 h6 31. g5 Rh8 32. e5 hxg5 33. e6+ Ke8 34. Bg6+ Kd8 35. fxg5 fxg5 36. Ref2 Rh4+ 37. Kc3 Na4+ 38. Kc2 Nb6 39. Rf8+ Kc7 40. R1f7 Nxd5 41. Rxe7+ Nxe7 42. Rf7 Kd8 43. Rf8+ Kc7 44. Rf7 Kd8 45. Rf8+ Kc7 1/2-1/2


[Site "https://www.chess.com"]

[Event "Titled Tuesday Blitz December 27 Early 2022"]
[White "Gabdrakhmanov, Azat"]
[Black "Moskvin, Anatoly"]
[WhiteFideId "34189197"]
[BlackFideId "24199990"]
[WhiteElo "2316"]
[BlackElo "2189"]
[Result "0-1"]
[Round "09"]
[TimeControl "180+2"]
[Date "2022.12.27"]
[WhiteClock "0:00:24"]
[BlackClock "0:01:29"]

1. e4 e5 2. Nf3 Nc6 3. Bb5 Nge7 4. O-O a6 5. Ba4 d6 6. c3 Bd7 7. d4 Ng6 8. Re1 Be7 9. d5 Nb8 10. c4 h6 11. Be3 Bg5 12. Nc3 a5 13. Nxg5 hxg5 14. c5 Nf4 15. cxd6 cxd6 16. Bxf4 gxf4 17. Qg4 Kf8 18. Bxd7 Nxd7 19. Nb5 Nf6 20. Qf3 g5 21. Qa3 Ra6 22. Rac1 Kg7 23. b3 Ng4 24. h3 Nxf2 25. Nc7 Nd3 26. Nxa6 Qb6+ 27. Kh2 Qf2 28. b4 Rxh3+ 29. Kxh3 Qg3# 0-1


[Site "https://www.chess.com"]

[Event "Titled Tuesday Blitz December 27 Early 2022"]
[White "Garcia Ramos, Daniel"]
[Black "Ozen, Bahadir"]
[WhiteFideId "32010311"]
[BlackFideId "6337058"]
[WhiteElo "2442"]
[BlackElo "2369"]
[Result "0-1"]
[Round "09"]
[TimeControl "180+2"]
[Date "2022.12.27"]
[WhiteClock "0:00:04"]
[BlackClock "0:00:08"]

1. d4 d6 2. c4 Nf6 3. Nc3 Nbd7 4. g3 e5 5. Nf3 Be7 6. Bg2 O-O 7. O-O Re8 8. e4 c6 9. h3 a6 10. a4 a5 11. Be3 exd4 12. Nxd4 Bf8 13. Qc2 Nc5 14. Rad1 Qb6 15. Kh2 Bd7 16. Rd2 Rad8 17. Rfd1 Bc8 18. b3 g6 19. Rb1 Qc7 20. Nde2 h6 21. Rbd1 Qb6 22. Nc1 Qc7 23. Bd4 Nfd7 24. N3e2 Ne6 25. Ba1 Ndc5 26. f4 Ng7 27. Bf6 Be7 28. Bb2 Bf8 29. Nd4 f5 30. exf5 Bxf5 31. Nxf5 Nxf5 32. Re2 Qf7 33. Rde1 Rxe2 34. Rxe2 Bg7 35. Bxg7 Qxg7 36. Qd2 Qd4 37. Qxa5 Rf8 38. Qd2 Qf6 39. a5 h5 40. b4 Nd7 41. Nd3 h4 42. g4 Ng3 43. Rf2 Qd4 44. Nb2 Qf6 45. b5 Nc5 46. bxc6 bxc6 47. Bxc6 Kh7 48. Qd5 Nce4 49. Rf3 Qxb2+ 0-1


[Site "https://www.chess.com"]

[Event "Titled Tuesday Blitz December 27 Early 2022"]
[White "Gatterer, Florian"]
[Black "Clawitter, Craig"]
[WhiteFideId "811688"]
[BlackFideId "2023105"]
[WhiteElo "2170"]
[BlackElo "2050"]
[Result "1-0"]
[Round "09"]
[TimeControl "180+2"]
[Date "2022.12.27"]
[WhiteClock "0:02:27"]
[BlackClock "0:01:54"]

1. Nf3 Nf6 2. c4 e6 3. Nc3 d5 4. e3 c6 5. b3 Nbd7 6. Bb2 Bd6 7. Qc2 O-O 8. g4 Nxg4 9. d4 Qf6 10. Be2 e5 11. h3 exd4 12. hxg4 1-0


[Site "https://www.chess.com"]

[Event "Titled Tuesday Blitz December 27 Early 2022"]
[White "Gerbelli Neto, Eduardo"]
[Black "Estrada Nieto, Julian"]
[WhiteFideId "2103281"]
[BlackFideId "5101018"]
[WhiteElo "2114"]
[BlackElo "2215"]
[Result "1-0"]
[Round "09"]
[TimeControl "180+2"]
[Date "2022.12.27"]
[WhiteClock "0:01:25"]
[BlackClock "0:00:14"]

1. e4 e5 2. Nf3 Nc6 3. d4 exd4 4. Nxd4 Nf6 5. Nc3 Bb4 6. Nxc6 bxc6 7. Bd3 d5 8. e5 Ng4 9. Bf4 f6 10. h3 Nxe5 11. Bxe5 fxe5 12. Qh5+ g6 13. Qxe5+ Qe7 14. Qxe7+ Kxe7 15. O-O Bxc3 16. bxc3 Bf5 17. g4 Bxd3 18. cxd3 Rab8 19. Rfe1+ Kd6 20. Re2 Rhe8 21. Rae1 Rxe2 22. Rxe2 Rb1+ 23. Kg2 Rc1 24. c4 dxc4 25. dxc4 Rxc4 26. Rd2+ Ke6 27. Re2+ Kd7 28. Rd2+ Kc8 29. Kg3 g5 30. Re2 Rc3+ 31. f3 Ra3 32. Re5 h6 33. Re6 Rxa2 34. Rxc6 a5 35. Rxh6 Kb7 36. Rg6 a4 37. Rxg5 Kb6 38. h4 Ra1 39. h5 a3 40. Rg8 Rg1+ 41. Kh2 a2 42. Ra8 a1=Q 43. Rxa1 Rxa1 44. h6 c5 45. g5 c4 46. h7 Ra8 47. g6 c3 48. g7 c2 49. g8=Q Rxg8 50. hxg8=Q c1=Q 51. Qe6+ Kb5 52. Qe4 Qh6+ 53. Kg3 Qg5+ 54. Qg4 Qe5+ 55. Qf4 Qe1+ 56. Kg4 Kc6 57. Qe4+ Qxe4+ 58. fxe4 Kd6 59. Kf5 Ke7 60. Ke5 Ke8 61. Ke6 Kf8 62. Kd7 Kf7 63. e5 Kg6 64. e6 Kf5 65. e7 1-0


[Site "https://www.chess.com"]

[Event "Titled Tuesday Blitz December 27 Early 2022"]
[White "Goncalves, Davi Sulzbacher"]
[Black "Mathieu, Phileas"]
[WhiteFideId "2154510"]
[BlackFideId "36048410"]
[WhiteElo "2282"]
[BlackElo "2374"]
[Result "0-1"]
[Round "09"]
[TimeControl "180+2"]
[Date "2022.12.27"]
[WhiteClock "0:00:43"]
[BlackClock "0:01:52"]

1. d4 Nf6 2. c4 c5 3. d5 b5 4. cxb5 a6 5. b6 e6 6. Nc3 exd5 7. Nxd5 Nxd5 8. Qxd5 Nc6 9. e4 Be7 10. Bc4 O-O 11. Nf3 Rb8 12. O-O Rxb6 13. b3 Bb7 14. Qh5 Bf6 15. Rb1 Nd4 16. Qxc5 Bxe4 17. Nxd4 Bxb1 18. Ba3 d6 19. Qd5 Bg6 20. f4 Qa8 21. Nc2 Qxd5 0-1


[Site "https://www.chess.com"]

[Event "Titled Tuesday Blitz December 27 Early 2022"]
[White "Gorodetzky, David"]
[Black "Preotu, Razvan"]
[WhiteFideId "2813416"]
[BlackFideId "2613280"]
[WhiteElo "2485"]
[BlackElo "2475"]
[Result "0-1"]
[Round "09"]
[TimeControl "180+2"]
[Date "2022.12.27"]
[WhiteClock "0:00:04"]
[BlackClock "0:00:06"]

1. b3 e5 2. Bb2 Nc6 3. e3 Nf6 4. Nf3 e4 5. Nd4 Bc5 6. d3 O-O 7. Nd2 Nxd4 8. exd4 exd3 9. Bxd3 Re8+ 10. Be2 Bf8 11. O-O d5 12. Nf3 Bg4 13. h3 Bh5 14. Re1 Bb4 15. c3 Bd6 16. Ne5 Bxe2 17. Rxe2 c6 18. c4 Qc7 19. Qc2 dxc4 20. bxc4 c5 21. Rae1 cxd4 22. Bxd4 Bb4 23. Rb1 Rad8 24. Bxa7 Ba5 25. Rb5 b6 26. a4 Rc8 27. g4 Qxa7 28. g5 Nh5 29. Qf5 g6 30. Qf3 Qc7 31. Rd5 Re7 32. Ng4 Rxe2 33. Qxe2 Nf4 34. Nf6+ Kf8 35. Qg4 Nxd5 36. cxd5 Rd8 37. Qh4 Qc1+ 38. Kg2 Qd2 39. d6 Qxd6 40. Qxh7 Qc6+ 41. Kh2 Ke7 42. Qh4 Qd6+ 43. Kg2 Bc3 44. Qf4 Be5 45. Qe4 Ke6 46. Qc4+ Ke7 47. Ng4 Qd5+ 48. Qxd5 Rxd5 49. Kf3 Ra5 50. Ke4 Bd6 51. Ne3 Rxa4+ 0-1


[Site "https://www.chess.com"]

[Event "Titled Tuesday Blitz December 27 Early 2022"]
[White "Graham, Nathaniel"]
[Black "Szyszylo, Rafal"]
[WhiteFideId "2007983"]
[BlackFideId "1109626"]
[WhiteElo "2262"]
[BlackElo "2091"]
[Result "0-1"]
[Round "09"]
[TimeControl "180+2"]
[Date "2022.12.27"]
[WhiteClock "0:00:04"]
[BlackClock "0:00:06"]

1. e4 g6 2. d4 d6 3. Nf3 Nf6 4. Nc3 Bg7 5. Be2 O-O 6. O-O Bg4 7. Be3 Nbd7 8. Qd2 e5 9. dxe5 dxe5 10. Rad1 c6 11. h3 Bxf3 12. Bxf3 Qe7 13. Qd6 Rfe8 14. Be2 Bf8 15. Qxe7 Bxe7 16. Bc4 b5 17. Bb3 b4 18. Na4 Rec8 19. f3 c5 20. Bc4 Nb6 21. Bb5 Nxa4 22. Bxa4 Rc7 23. Rf2 a5 24. Rfd2 Kg7 25. Bg5 Raa7 26. b3 c4 27. Bxf6+ Kxf6 28. Rd7 Bc5+ 29. Kf1 Bd4 30. Rxc7 Rxc7 31. Rd2 h5 32. Bb5 cxb3 33. axb3 h4 34. Ke2 Kg5 35. Bc4 Kf4 36. Bd3 Ra7 37. Rd1 a4 38. bxa4 Rxa4 39. Rb1 Bc3 40. Bc4 Ra7 41. Rd1 f5 42. exf5 gxf5 43. Bb3 Bd4 44. Rb1 Rg7 45. Kf1 Kg3 46. Re1 Kh2 47. Re2 Rg3 48. Be6 Rg5 49. Bd5 Kg3 50. Be6 Kf4 51. Bb3 Rg6 52. Re1 Ra6 53. Rd1 Rc6 54. Rb1 Rc3 55. Rd1 Rc5 56. Rd3 Bc3 57. Rd1 e4 58. fxe4 fxe4 59. Rd5 Rc7 60. Ke2 Rg7 61. Kf1 Ke3 62. Rd8 Ra7 63. Re8 Ra1# 0-1


[Site "https://www.chess.com"]

[Event "Titled Tuesday Blitz December 27 Early 2022"]
[White "Guha, Eshan"]
[Black "Kvaloy, Aksel Bu"]
[WhiteFideId "30958628"]
[BlackFideId "1528815"]
[WhiteElo "2071"]
[BlackElo "2321"]
[Result "0-1"]
[Round "09"]
[TimeControl "180+2"]
[Date "2022.12.27"]
[WhiteClock "0:00:01"]
[BlackClock "0:01:09"]

1. d4 Nf6 2. c4 e6 3. g3 d5 4. Bg2 dxc4 5. Nf3 c6 6. O-O b5 7. a4 Bb7 8. b3 cxb3 9. Qxb3 a6 10. Ba3 Bxa3 11. Qxa3 Qe7 12. Qb2 O-O 13. Ne5 Nfd7 14. Nd3 Rc8 15. Rc1 Nb6 16. a5 Nc4 17. Qc3 Nd7 18. Nd2 Nxd2 19. Qxd2 Rab8 20. Nc5 Nxc5 21. Rxc5 Qd6 22. Qc3 Rd8 23. e3 Rbc8 24. Rc1 g6 25. h4 h5 26. Qb2 Qc7 27. Qb4 Rd6 28. R1c2 Rcd8 29. Kh2 Kh7 30. Be4 Kg7 31. Qc3 Kg8 32. Bxc6 Bxc6 33. Rxc6 Rxc6 34. Qxc6 Qxa5 35. Qb7 Kg7 36. Rc6 Qd2 37. Kg2 Rd5 38. Rxe6 Rf5 39. Kh3 Rxf2 40. Rxg6+ Kxg6 41. Qe4+ Kg7 42. Qe5+ Kf8 43. Qb8+ Kg7 44. Qe5+ Rf6 45. Qg5+ Rg6 46. Qe5+ Kh7 47. Qxh5+ Kg8 48. Qe5 Qf2 49. Qe8+ Kh7 50. Qe5 Qf1+ 51. Kh2 Rf6 52. Qh5+ Kg7 53. Qg5+ Kf8 54. Qc5+ Kg7 55. Qg5+ Rg6 56. Qe5+ Qf6 57. Qh5 Qf2+ 58. Kh3 Qxg3# 0-1


[Site "https://www.chess.com"]

[Event "Titled Tuesday Blitz December 27 Early 2022"]
[White "Gurevich, Dmitry"]
[Black "Liyanage, Ranindu Dilshan"]
[WhiteFideId "2000407"]
[BlackFideId "9915834"]
[WhiteElo "2393"]
[BlackElo "2342"]
[Result "1/2-1/2"]
[Round "09"]
[TimeControl "180+2"]
[Date "2022.12.27"]
[WhiteClock "0:00:03"]
[BlackClock "0:00:04"]

1. d4 Nf6 2. c4 e6 3. Nc3 Bb4 4. a3 Bxc3+ 5. bxc3 O-O 6. f3 d5 7. cxd5 Nxd5 8. Qd3 f5 9. e3 b6 10. Nh3 c5 11. dxc5 bxc5 12. c4 Nb6 13. Qxd8 Rxd8 14. Bb2 Ba6 15. Rc1 Nc6 16. Nf4 Re8 17. Bc3 Bxc4 18. Bxc4 Nxc4 19. Bxg7 Nxe3 20. Bh6 Ne5 21. Ke2 N3c4 22. Nh5 Red8 23. Rc2 Nxa3 24. Rxc5 Nf7 25. Be3 Rab8 26. Rhc1 Rb2+ 27. Kf1 Nb5 28. Rc8 Nbd6 29. Rxd8+ Nxd8 30. Rc7 Rb7 31. Rxb7 N8xb7 32. Bxa7 Kf7 33. Bd4 Nc4 34. Kf2 e5 35. Bc3 f4 36. Ke2 Nbd6 37. g4 Ke6 38. Kd3 h6 39. Ng7+ Kd5 40. Nh5 Na3 41. Nf6+ Ke6 42. Ne4 Nab5 43. Nxd6 Nxd6 44. Bb4 Nf7 45. h4 Kd5 46. Bf8 Ke6 47. Ke4 Kf6 48. Kd5 Kg6 49. h5+ Kf6 50. Ke4 Ng5+ 51. Kd3 Nxf3 52. Bxh6 Nh2 53. Ke4 Nxg4 54. Bxf4 Nf2+ 55. Kf3 exf4 56. Kxf4 Kg7 57. h6+ Kxh6 1/2-1/2


[Site "https://www.chess.com"]

[Event "Titled Tuesday Blitz December 27 Early 2022"]
[White "Hartikainen, Jarmo"]
[Black "Vargas, Mauricio"]
[WhiteFideId "503134"]
[BlackFideId "4404572"]
[WhiteElo "2108"]
[BlackElo "2035"]
[Result "1-0"]
[Round "09"]
[TimeControl "180+2"]
[Date "2022.12.27"]
[WhiteClock "0:00:17"]
[BlackClock "0:00:42"]

1. e4 c6 2. d4 d5 3. Nc3 dxe4 4. Nxe4 Nf6 5. Nxf6+ exf6 6. Bf4 Bd6 7. Qf3 O-O 8. Bd3 Re8+ 9. Ne2 Nd7 10. h4 Nf8 11. h5 h6 12. O-O-O Qc7 13. Bxd6 Qxd6 14. Ng3 Be6 15. c4 Qd7 16. Nf5 b5 17. Rh3 bxc4 18. Bc2 Rab8 19. Nxh6+ Kh8 20. Nf5 Bxf5 21. Bxf5 Qb7 22. Qc3 Re2 23. Bc2 Ne6 24. h6 g6 25. d5 cxd5 26. Qxf6+ Kg8 27. h7+ Kf8 28. h8=Q# 1-0


[Site "https://www.chess.com"]

[Event "Titled Tuesday Blitz December 27 Early 2022"]
[White "Heinemann, Josefine"]
[Black "Iljin, Timofey"]
[WhiteFideId "12900460"]
[BlackFideId "14110180"]
[WhiteElo "2289"]
[BlackElo "2329"]
[Result "1-0"]
[Round "09"]
[TimeControl "180+2"]
[Date "2022.12.27"]
[WhiteClock "0:00:58"]
[BlackClock "0:00:06"]

1. Nf3 f5 2. d3 Nf6 3. Nbd2 g6 4. e4 d6 5. Be2 Bg7 6. O-O O-O 7. e5 dxe5 8. Nxe5 Nbd7 9. Ndf3 Nxe5 10. Nxe5 Nd7 11. Nxd7 Bxd7 12. d4 Bc6 13. c3 Kh8 14. Bf3 Bxf3 15. Qxf3 c6 16. Bf4 Qb6 17. Rae1 Qxb2 18. Rxe7 Qxa2 19. Rxb7 Rfe8 20. Qh3 Qa6 21. Rf7 Qc4 22. Rc7 Rab8 23. Be5 Rg8 24. Rxg7 Rxg7 25. Bxb8 Rb7 26. Be5+ Kg8 27. Qh4 Rf7 28. Rb1 Rf8 29. Qe7 Qf7 30. Qxf7+ Kxf7 31. Rb7+ Ke6 32. Rxa7 Kd5 33. Ra5+ Ke4 34. h4 f4 35. Rc5 f3 36. Rxc6 Ra8 37. Kh2 Ra2 38. Kg3 fxg2 39. Kxg2 h6 40. Rxg6 h5 41. Rg3 Kd5 42. Rg5 Ke4 43. Rxh5 Kd5 44. Rg5 Ke4 45. h5 Kd5 46. h6 Ra7 47. Bg7+ Ke4 48. h7 Kd3 49. h8=Q Kc2 50. Qh7+ Kc1 51. Rb5 Kd2 52. Bh6+ Kxc3 53. Qxa7 Kc4 54. Qc5+ Kd3 55. Rb3+ Ke4 56. Qe5# 1-0


[Site "https://www.chess.com"]